PBL
KELOWNA HEAT @ HOUSTON COLT .45'S
07/17/2049
 
TOP OF THE 1ST
Kelowna Heat batting - Pitching for Houston Colt .45's : LHP Jim Leeman
Pitching: LHP Jim Leeman
Batting: RHB Joey Black 0-0: Foul Ball, location: 2F
0-1: Foul Ball, location: 2F
0-2: DOUBLE (Groundball, 5L, EV 109.4 MPH)
Batting: SHB Michael Woodard 0-0: Ground out 4-3 (Groundball, 4, EV 101.2 MPH)
Joey Black to third
Batting: LHB Billy Lang 0-0: Called Strike
0-1: Swinging Strike
0-2: Ball
1-2: Strikes out swinging, 2-3 out at first.
Batting: RHB Mike Storey 0-0: Foul Ball, location: 2F
0-1: Ball
1-1: Ball
2-1: Called Strike
2-2: Foul Ball, location: 2F
2-2: Foul Ball, location: 2F
2-2: Foul Ball, location: 2F
2-2: Ground out U3 (Groundball, 23, EV 86.9 MPH)
Top of the 1st over - 0 runs, 1 hit, 0 errors, 1 left on base; Kelowna 0 - Houston 0
BOTTOM OF THE 1ST
Houston Colt .45's batting - Pitching for Kelowna Heat : RHP Steven Kennett
Pitching: RHP Steven Kennett
Batting: RHB Edward Chan 0-0: Swinging Strike
0-1: Swinging Strike
0-2: Ball
1-2: Ball
2-2: Fly out, F8 (Flyball, 89M, EV 80.0 MPH)
Batting: RHB Jonathan Rausch 0-0: Ground out 6-3 (Groundball, 6MD, EV 84.4 MPH)
Batting: RHB Ralph Baltimore 0-0: Ball
1-0: Swinging Strike
1-1: Ball
2-1: Foul Ball, location: 2F
2-2: Foul Ball, location: 2F
2-2: Foul Ball, location: 2F
2-2: Strikes out swinging
Bottom of the 1st over - 0 runs, 0 hits, 0 errors, 0 left on base; Kelowna 0 - Houston 0
TOP OF THE 2ND
Kelowna Heat batting - Pitching for Houston Colt .45's : LHP Jim Leeman
Batting: RHB Sean Gilbert 0-0: Ball
1-0: Called Strike
1-1: Foul Ball, location: 2F
1-2: Ball
2-2: Strikes out looking
Batting: RHB Soichi Kaneshiro 0-0: Foul Ball, location: 2F
0-1: Swinging Strike
0-2: SINGLE (Groundball, 6S, EV 95.0 MPH)
Batting: LHB Robert Leary 0-0: Called Strike
Soichi Kaneshiro is caught stealing 2nd base 2-6
0-1: Ball
1-1: Ball
2-1: Foul Ball, location: 2F
2-2: Foul Ball, location: 2F
2-2: Ball
3-2: Base on Balls
Batting: LHB Willy Berrios 0-0: Ball
1-0: Swinging Strike
1-1: Ball
2-1: Swinging Strike
2-2: Ball
3-2: Base on Balls
Robert Leary to second
Batting: RHB Jason Fink 0-0: Called Strike
0-1: Ground out 4-3 (Groundball, 4, EV 86.9 MPH)
Top of the 2nd over - 0 runs, 1 hit, 0 errors, 2 left on base; Kelowna 0 - Houston 0
BOTTOM OF THE 2ND
Houston Colt .45's batting - Pitching for Kelowna Heat : RHP Steven Kennett
Batting: LHB Vecdi Hodensack 0-0: Ground out 4-3 (Groundball, 34, EV 80.6 MPH)
Batting: RHB Doug Dark 0-0: Swinging Strike
0-1: Ball
1-1: Swinging Strike
1-2: Strikes out swinging
Batting: RHB Fernan Tedeschi 0-0: Ground out 6-3 (Groundball, 6, EV 90.6 MPH)
Bottom of the 2nd over - 0 runs, 0 hits, 0 errors, 0 left on base; Kelowna 0 - Houston 0
TOP OF THE 3RD
Kelowna Heat batting - Pitching for Houston Colt .45's : LHP Jim Leeman
Batting: RHB Joey Black 0-0: Called Strike
0-1: Ball
1-1: Ball
2-1: Ball
3-1: SINGLE (Line Drive, 9LM, EV 107.5 MPH)
Batting: SHB Michael Woodard 0-0: Fly out, F8 (Flyball, 8LM, EV 89.4 MPH)
Batting: LHB Billy Lang 0-0: Called Strike
0-1: Foul Ball, location: 2F
0-2: Foul Ball, location: 2F
0-2: Ball
1-2: Foul Ball, location: 2F
1-2: Ball
2-2: Foul Ball, location: 2F
2-2: Fly out, F4 (Popup, 4M, EV 68.1 MPH)
Batting: RHB Mike Storey 0-0: Ball
1-0: Reached on error, E6 (Groundball, 6, EV 86.9 MPH)
Joey Black to second
Batting: RHB Sean Gilbert 0-0: Foul Ball, location: 2F
0-1: Ball
1-1: Fly out, F8 (Flyball, 89M, EV 91.2 MPH)
Top of the 3rd over - 0 runs, 1 hit, 1 error, 2 left on base; Kelowna 0 - Houston 0
BOTTOM OF THE 3RD
Houston Colt .45's batting - Pitching for Kelowna Heat : RHP Steven Kennett
Batting: RHB Jay Hussey 0-0: Called Strike
0-1: Ball
1-1: Ball
2-1: Swinging Strike
2-2: Strikes out swinging
Batting: LHB Casper Significant 0-0: Foul Ball, location: 2F
0-1: Called Strike
0-2: Ball
1-2: Ball
2-2: SINGLE (Line Drive, 78S, EV 99.4 MPH)
Batting: RHB Devon Healy 0-0: SINGLE (Groundball, 4D, EV 107.5 MPH)
Casper Significant to second
Runner from 2nd tries for 3rd, SAFE, throw by RF made to third
Batting: RHB Edward Chan 0-0: Swinging Strike
0-1: Ball
1-1: Ball
2-1: Foul Ball, location: 2F
2-2: Foul Ball, location: 2F
2-2: Ball
3-2: Foul Ball, location: 2F
3-2: Foul Ball, location: 2F
3-2: SINGLE (Groundball, 4MD, EV 97.5 MPH)
Casper Significant scores
Devon Healy to second
Batting: RHB Jonathan Rausch 0-0: Reached on error, E5 (Groundball, 56S, EV 85.6 MPH)
Devon Healy to third
Edward Chan to second
Batting: RHB Ralph Baltimore 0-0: Called Strike
0-1: SINGLE (Line Drive, 78M, EV 99.4 MPH)
Devon Healy scores
Edward Chan to third
Jonathan Rausch to second
Runner from 3rd tries for Home, SAFE, throw by LF to home
Batting: LHB Vecdi Hodensack 0-0: Ball
1-0: Called Strike
1-1: Foul Ball, location: 2F
1-2: SINGLE (Line Drive, 78S, EV 97.5 MPH)
Jonathan Rausch to third
Ralph Baltimore to second
Batting: RHB Doug Dark 0-0: Called Strike
0-1: Called Strike
0-2: Ball
1-2: GRAND SLAM HOME RUN (Flyball, 89XD, EV 106.9 MPH), Distance : 403 ft
Pitching: RHP Alex de la Cruz
Batting: RHB Fernan Tedeschi 0-0: Ball
1-0: Ball
2-0: Ball
3-0: Base on Balls
Batting: RHB Jay Hussey 0-0: Swinging Strike
0-1: Swinging Strike
0-2: Strikes out swinging
Batting: LHB Casper Significant 0-0: Ball
1-0: Foul Ball, location: 2F
1-1: Ball
2-1: SINGLE (Flyball, 8LS, EV 85.6 MPH)
Fernan Tedeschi to second
Batting: RHB Devon Healy 0-0: Swinging Strike
0-1: Ball
1-1: Fly out, F8 (Flyball, 8LD, EV 108.1 MPH)
Bottom of the 3rd over - 7 runs, 7 hits, 1 error, 2 left on base; Kelowna 0 - Houston 7
TOP OF THE 4TH
Kelowna Heat batting - Pitching for Houston Colt .45's : LHP Jim Leeman
Batting: RHB Soichi Kaneshiro 0-0: Ball
1-0: Ground out 5-3 (Groundball, 56, EV 90.6 MPH)
Batting: LHB Robert Leary 0-0: Ball
1-0: Ball
2-0: Swinging Strike
2-1: Foul Ball, location: 2F
2-2: Strikes out swinging
Batting: LHB Willy Berrios 0-0: Called Strike
0-1: Ball
1-1: Ball
2-1: Fly out, F8 (Flyball, 89M, EV 80.0 MPH)
Top of the 4th over - 0 runs, 0 hits, 0 errors, 0 left on base; Kelowna 0 - Houston 7
BOTTOM OF THE 4TH
Houston Colt .45's batting - Pitching for Kelowna Heat : RHP Alex de la Cruz
Batting: RHB Edward Chan 0-0: Called Strike
0-1: Ball
1-1: Foul Ball, location: 2F
1-2: SINGLE (Line Drive, 9S, EV 86.2 MPH)
Batting: RHB Jonathan Rausch 0-0: Fly out, F7 (Line Drive, 78M, EV 99.4 MPH)
Batting: RHB Ralph Baltimore 0-0: Ball
1-0: 2-RUN HOME RUN (Flyball, 9D, EV 93.8 MPH), Distance : 370 ft
Batting: LHB Vecdi Hodensack 0-0: Called Strike
0-1: SOLO HOME RUN (Flyball, 9D, EV 94.4 MPH), Distance : 358 ft
Batting: RHB Doug Dark 0-0: Foul Ball, location: 2F
0-1: Called Strike
0-2: Strikes out swinging
Batting: RHB Fernan Tedeschi 0-0: Foul Ball, location: 2F
0-1: Ball
1-1: Called Strike
1-2: Ball
2-2: Strikes out swinging
Bottom of the 4th over - 3 runs, 3 hits, 0 errors, 0 left on base; Kelowna 0 - Houston 10
TOP OF THE 5TH
Kelowna Heat batting - Pitching for Houston Colt .45's : LHP Jim Leeman
Batting: RHB Jason Fink 0-0: Ball
1-0: Foul Ball, location: 2F
1-1: Ball
2-1: Foul Ball, location: 2F
2-2: Strikes out swinging
Batting: RHB Joey Black 0-0: Foul Ball, location: 2F
0-1: Ball
1-1: Fly out, F8 (Line Drive, 8RD, EV 107.5 MPH)
Batting: SHB Michael Woodard 0-0: Foul Ball, location: 2F
0-1: Swinging Strike
0-2: Foul Ball, location: 2F
0-2: Strikes out swinging
Top of the 5th over - 0 runs, 0 hits, 0 errors, 0 left on base; Kelowna 0 - Houston 10
BOTTOM OF THE 5TH
Houston Colt .45's batting - Pitching for Kelowna Heat : RHP Alex de la Cruz
Batting: RHB Jay Hussey 0-0: Ball
1-0: Fly out, F9 (Flyball, 9S, EV 75.6 MPH)
Batting: LHB Casper Significant 0-0: Foul Ball, location: 2F
0-1: Swinging Strike
0-2: SINGLE (Groundball, 4S, EV 69.4 MPH) (infield hit)
Pitching: RHP Matt Gibson
Batting: RHB Devon Healy 0-0: Ball
1-0: Ball
2-0: Ball
3-0: Base on Balls
Casper Significant to second
Batting: RHB Edward Chan 0-0: Foul Ball, location: 2F
0-1: Ball
1-1: Foul Ball, location: 2F
1-2: Foul Ball, location: 2F
1-2: Foul Ball, location: 2F
1-2: Ball
2-2: 3-RUN HOME RUN (Flyball, 78XD, EV 103.1 MPH), Distance : 405 ft
Batting: RHB Jonathan Rausch 0-0: Fly out, F9 (Line Drive, 9S, EV 93.8 MPH)
Batting: RHB Ralph Baltimore 0-0: Swinging Strike
0-1: Foul Ball, location: 2F
0-2: Strikes out swinging
Bottom of the 5th over - 3 runs, 2 hits, 0 errors, 0 left on base; Kelowna 0 - Houston 13
TOP OF THE 6TH
Kelowna Heat batting - Pitching for Houston Colt .45's : LHP Jim Leeman
Batting: LHB Billy Lang 0-0: Ball
1-0: Ball
2-0: Ball
3-0: Called Strike
3-1: Base on Balls
Batting: RHB Mike Storey 0-0: Ball
1-0: Called Strike
1-1: Ball
Billy Lang is caught stealing 2nd base 2-4
2-1: Swinging Strike
2-2: Ball
3-2: Foul Ball, location: 2F
3-2: Fly out, F8 (Line Drive, 8RM, EV 91.2 MPH)
Batting: RHB Sean Gilbert 0-0: Foul Ball, location: 2F
0-1: Ball
1-1: Ball
2-1: Foul Ball, location: 2F
2-2: Ball
3-2: Base on Balls
Batting: RHB Soichi Kaneshiro 0-0: Swinging Strike
0-1: Ball
1-1: Swinging Strike
1-2: Fly out, F8 (Flyball, 8LD, EV 90.6 MPH)
Top of the 6th over - 0 runs, 0 hits, 0 errors, 1 left on base; Kelowna 0 - Houston 13
BOTTOM OF THE 6TH
Houston Colt .45's batting - Pitching for Kelowna Heat : RHP Matt Gibson
Batting: LHB Vecdi Hodensack 0-0: Foul Ball, location: 2F
0-1: Swinging Strike
0-2: Ball
1-2: Ball
2-2: Ball
3-2: Strikes out swinging
Batting: RHB Doug Dark 0-0: Ball
1-0: SOLO HOME RUN (Flyball, 7D, EV 98.8 MPH), Distance : 369 ft
Batting: RHB Fernan Tedeschi 0-0: Ground out 6-3 (Groundball, 6, EV 109.4 MPH)
Batting: RHB Jay Hussey 0-0: Ground out 6-3 (Groundball, 6, EV 96.2 MPH)
Bottom of the 6th over - 1 run, 1 hit, 0 errors, 0 left on base; Kelowna 0 - Houston 14
TOP OF THE 7TH
Kelowna Heat batting - Pitching for Houston Colt .45's : LHP Jim Leeman
Pitching: RHP Charles Picard
Batting: LHB Robert Leary 0-0: Foul Ball, location: 2F
0-1: SOLO HOME RUN (Flyball, 9LD, EV 92.5 MPH), Distance : 341 ft
Batting: LHB Willy Berrios 0-0: Ball
1-0: Foul Ball, location: 2F
1-1: Swinging Strike
1-2: Foul Ball, location: 2F
1-2: Strikes out swinging
Batting: RHB Jason Fink 0-0: Ground out 4-3 (Groundball, 4, EV 98.8 MPH)
Batting: RHB Joey Black 0-0: Foul Ball, location: 2F
0-1: Ball
1-1: Ball
2-1: Ball
3-1: Base on Balls
Batting: SHB Michael Woodard 0-0: Ball
Joey Black steals 2nd base (no throw)
1-0: Ball
2-0: Foul Ball, location: 2F
2-1: Called Strike
2-2: Ball
3-2: Base on Balls
Batting: LHB Billy Lang 0-0: Ball
1-0: Foul Ball, location: 2F
1-1: Foul Ball, location: 2F
1-2: Ball
2-2: Ball
3-2: Ground out 4-3 (Groundball, 4, EV 103.8 MPH)
Top of the 7th over - 1 run, 1 hit, 0 errors, 2 left on base; Kelowna 1 - Houston 14
BOTTOM OF THE 7TH
Houston Colt .45's batting - Pitching for Kelowna Heat : RHP Matt Gibson
Batting: LHB Casper Significant 0-0: Ground out 5-3 (Groundball, 56, EV 80.0 MPH)
Batting: RHB Devon Healy 0-0: Foul Ball, location: 2F
0-1: Ball
1-1: Swinging Strike
1-2: Strikes out swinging
Pitching: RHP Newt Reid
Batting: RHB Edward Chan 0-0: Foul Ball, location: 2F
0-1: Ball
1-1: Foul Ball, location: 2F
1-2: Foul Ball, location: 2F
1-2: Fly out, F4 (Popup, 4, EV 60.0 MPH)
Bottom of the 7th over - 0 runs, 0 hits, 0 errors, 0 left on base; Kelowna 1 - Houston 14
TOP OF THE 8TH
Kelowna Heat batting - Pitching for Houston Colt .45's : RHP Charles Picard
Batting: RHB Mike Storey 0-0: Called Strike
0-1: Ball
1-1: Called Strike
1-2: Ball
2-2: DOUBLE (Flyball, 89XD, EV 98.8 MPH)
Pinch Hitting: LHB Alex Larangho 0-0: Ball
1-0: Foul Ball, location: 2F
1-1: Called Strike
1-2: Foul Ball, location: 2F
1-2: Ball
2-2: Ball
3-2: Fly out, F8 (Flyball, 8LD, EV 97.5 MPH)
Runner from 2nd tags up, SAFE at 3rd with throw by CF
Pitching: LHP Jared Simmers
Batting: RHB Soichi Kaneshiro 0-0: SINGLE (Line Drive, 7S, EV 104.4 MPH)
Mike Storey scores
Pinch Hitting: RHB Jose Sanchez 0-0: Ball
1-0: Foul Ball, location: 2F
1-1: Swinging Strike
1-2: Foul Ball, location: 2F
1-2: Foul Ball, location: 2F
1-2: Foul Ball, location: 2F
1-2: Strikes out looking
Batting: LHB Willy Berrios 0-0: Fly out, F8 (Flyball, 8LD, EV 96.2 MPH)
Top of the 8th over - 1 run, 2 hits, 0 errors, 1 left on base; Kelowna 2 - Houston 14
BOTTOM OF THE 8TH
Houston Colt .45's batting - Pitching for Kelowna Heat : RHP Newt Reid
Now at 2B: Glen Limeburner
Now in RF: Alex Larangho
Batting: RHB Jonathan Rausch 0-0: Called Strike
0-1: Ball
1-1: Ball
2-1: Ground out 4-3 (Groundball, 4, EV 84.4 MPH)
Batting: RHB Chris Jordan 0-0: Swinging Strike
0-1: Swinging Strike
0-2: Strikes out swinging
Batting: LHB Vecdi Hodensack 0-0: Ball
1-0: Swinging Strike
1-1: Swinging Strike
1-2: Strikes out swinging
Bottom of the 8th over - 0 runs, 0 hits, 0 errors, 0 left on base; Kelowna 2 - Houston 14
TOP OF THE 9TH
Kelowna Heat batting - Pitching for Houston Colt .45's : LHP Jared Simmers
Pinch Hitting: LHB Ricardo Torres 0-0: Ball
1-0: Foul Ball, location: 2F
1-1: Foul Ball, location: 2F
1-2: Ball
2-2: Foul Ball, location: 2F
2-2: Strikes out swinging
Batting: RHB Joey Black 0-0: SOLO HOME RUN (Flyball, 7LD, EV 93.8 MPH), Distance : 346 ft
Batting: SHB Michael Woodard 0-0: Called Strike
0-1: Fly out, F7 (Line Drive, 7LM, EV 87.5 MPH)
Batting: LHB Billy Lang 0-0: Ball
1-0: Called Strike
1-1: Ball
2-1: Foul Ball, location: 2F
2-2: Ground out 5-3 (Groundball, 56, EV 102.5 MPH)
Top of the 9th over - 1 run, 1 hit, 0 errors, 0 left on base; Kelowna 3 - Houston 14
Sunday, July 16th , 2023 - OOTP Baseball 24.6 Build 69